 Dungeon Crawl Stone Soup version 0.18-a0-1572-g0a86841 (webtiles) character file.

124 M4edhros the Poker (level 5, -4/36 HPs)
             Began as an Octopode Chaos Knight on Mar 15, 2016.
             Slain by an orc priest
             ... wielding a +0 trident
              (6 damage)
             ... on level 3 of the Dungeon.
             The game lasted 00:02:27 (1989 turns).

M4edhros the Poker (Octopode Chaos Knight)          Turns: 1989, Time: 00:02:27

Health: -4/36      AC:  1    Str: 11    XL:     5   Next: 8%
Magic:  5/5        EV: 13    Int: 14    God:    Xom [...*..]
Gold:   82         SH:  0    Dex: 15    Spells: 0 memorised, 4 levels left

rFire  . . .     SeeInvis .     a - +0 spear (chaos)
rCold  + . .     Gourm    .     (no shield)
rNeg   . . .     Faith    .     (helmet restricted)
rPois  .         Spirit   .     (no amulet)
rElec  .         Dismiss  .     p - ring of wizardry
rCorr  .         Reflect  .     q - ring of wizardry
SustAt .         Harm     .     (no ring)
MR     +....                    (no ring)
Stlth  ++........               (no ring)
                                (no ring)
                                (no ring)
                                (no ring)

@: very slightly contaminated, somewhat resistant to hostile enchantments,
unstealthy
A: almost no armour, amphibious, 8 rings, constrict 8, camouflage 1, agile 1,
cold resistance 1, magic resistance 1, gelatinous body 1, subdued magic 1
a: Renounce Religion


You were on level 3 of the Dungeon.
You worshipped Xom.
You were a favourite toy of Xom.
You were hungry.

You visited 1 branch of the dungeon, and saw 3 of its levels.

You collected 82 gold pieces.

Inventory:

Hand Weapons
 a - a +0 spear of chaos (weapon)
Jewellery
 p - a ring of wizardry (left tentacle)
 q - a ring of wizardry (right tentacle)
 r - a cursed ring of loudness {unknown}
Scrolls
 d - a scroll of fear {unknown}
 e - 2 scrolls of identify {unknown}
 f - 2 scrolls of fog {unknown}
 g - a scroll of amnesia {unknown}
 j - a scroll of enchant armour {unknown}
 k - 2 scrolls of teleportation {unknown}
 t - a scroll of noise {unknown}
Potions
 m - a potion of ambrosia {unknown}
Comestibles
 b - a bread ration
 c - 2 meat rations
 n - a fruit
 s - a chunk of flesh


   Skills:
 - Level 3.0 Fighting
 + Level 5.6 Polearms
 - Level 2.3 Dodging


You had 4 spell levels left.
You didn't know any spells.

Dungeon Overview and Level Annotations

Branches:
Dungeon (3/15)

Altars:
Pakellas


Innate Abilities, Weirdness & Mutations

You cannot wear most types of armour.
You are amphibious.
You can wear up to eight rings at the same time.
You can use your tentacles to constrict eight enemies at once.
Your skin changes colour to match your surroundings (Stealth).
Your rubbery body absorbs attacks (AC +1).
You are agile. (Dex +2)
Your flesh is cold resistant.
You are resistant to hostile enchantments.
Your spells are a little easier to cast, but a little less powerful.


Message History

Drink which item? (? for menu, Esc to quit)
Okay, then.
You release your grip on the orc priest.
The orc priest calls upon Beogh to heal the orc wizard.
The orc wizard is healed somewhat.
The orc priest hits you but does no damage.
You flicker back into view.
The orc priest hits you from afar with a trident.
* * * LOW HITPOINT WARNING * * *
Evoke which item? (* to show all) (? for menu, Esc to quit)
Okay, then.
Read which item? (? for menu, Esc to quit)
Okay, then.
Drink which item? (? for menu, Esc to quit)
It was a potion of mutation.
You feel extremely strange.
You feel agile.
You feel resistant to cold.
Your connection to magic feels subdued.
The orc priest hits you from afar with a trident.
You die...
Xom thinks this is hilarious!

############
##o).........
####%))## ......
#...o#..##......
#.#.###o.......g
#...o#..........
##.#..@..>......
#.#####...#.#..
##.#####......#
#....).†..##.#.
#.####.##.# .#
#.# #.# .# #
####.####.# .#
#....<..#.#
#.##.##.#.#


You could see an orc priest and an orc wizard.

Vanquished Creatures
  3 gnolls (D:3)
  3 adders (D:2)
  A worm (D:2)
  A dart slug (D:1)
  A giant gecko (D:2)
  2 orcs (D:3)
  2 ball pythons
  5 giant cockroaches
  4 goblins
  3 hobgoblins
  8 jackals
  A quokka (D:2)
  6 bats (D:1)
  3 giant newts
  10 kobolds
  6 rats
59 creatures vanquished.

Vanquished Creatures (others)
  A lightning spire (D:2)
  A hobgoblin (D:3)
  3 bushes (D:2)
5 creatures vanquished.

Grand Total: 64 creatures vanquished

Notes
Turn   | Place    | Note
--------------------------------------------------------------
     0 | D:1      | M4edhros the Octopode Chaos Knight began the quest for the Orb.
     0 | D:1      | Reached XP level 1. HP: 16/16 MP: 1/1
   260 | D:1      | Reached XP level 2. HP: 21/21 MP: 2/2
   754 | D:1      | Reached skill level 4 in Polearms
   833 | D:2      | Reached XP level 3. HP: 26/26 MP: 3/3
  1226 | D:2      | Found an oddly glowing altar of Pakellas.
  1227 | D:2      | Noticed a fire dragon
  1232 | D:2      | XOM: divination: detect items
  1392 | D:2      | Reached XP level 4. HP: 19/31 MP: 4/4
  1726 | D:2      | XOM: enchant monster (good)
  1734 | D:2      | Reached skill level 5 in Polearms
  1901 | D:3      | XOM: noise
  1948 | D:3      | Reached XP level 5. HP: 22/36 MP: 5/5
  1966 | D:3      | Gained mutation: You are resistant to hostile enchantments. [potion of beneficial mutation]
  1989 | D:3      | Gained mutation: You are agile. (Dex +2) [potion of mutation]
  1989 | D:3      | Gained mutation: Your flesh is cold resistant. [potion of mutation]
  1989 | D:3      | Gained mutation: Your spells are a little easier to cast, but a little less powerful. [potion of mutation]
  1989 | D:3      | Slain by an orc priest

Vault maps used:
D:1:      tarquinn_simple_flora_water_f, serial_corexii_hall,
          corexii_hall_statues_l, corexii_hall_statues_x
D:2:      gammafunk_pakellas_spire_experiment
D:3:      grunt_temple_overflow_open, uniq_natasha

Skill      XL: |  1  2  3  4 |
---------------+-------------+-----
Polearms       | 4 5 |  5.6
Fighting       | |  3.0
Dodging        | |  2.3

Action                   |  1- 3 |  4- 6 || total
-------------------------+-------+-------++-------
Melee: Spear             |    97 |    63 ||   160
  Use: Potion            |       |     6 ||     6
 Stab: Sleeping          |     8 |     2 ||    10
       Paralysed         |       |     1 ||     1
       Invisible         |       |     3 ||     3
  Eat: Chunk             |     2 |     1 ||     3
